 Dungeon Crawl Stone Soup version 0.28-a0-1382-g92835e5c71 (webtiles) character file.

Game seed: 1977050037050809112

49 LeonJames the Skirmisher (level 3, 0/29 HPs)
             Began as a Vampire Fighter on Jan 1, 2022.
             Slain by a gnoll (6 damage)
             ... on level 4 of the Dungeon.
             The game lasted 00:08:12 (1207 turns).

LeonJames the Skirmisher (Vampire Fighter)          Turns: 1207, Time: 00:08:12

Health: 0/29       AC: 12    Str: 17    XL:     3   Next: 51%
Magic:  3/3        EV:  5    Int: 10    God:
Gold:   42         SH:  4    Dex: 13    Spells: 2/2 levels left

rFire   . . .      SeeInvis +   a - +0 flail
rCold   . . .      Faith    .   c - +0 buckler
rNeg    . . .      Spirit   .   h - +0 plate armour
rPois   .          Reflect  .   (no helmet)
rElec   .          Harm     .   (no cloak)
rCorr   .          Rampage  .   (no gloves)
Will    .....                   b - +0 pair of boots
Stlth   ..........              (no amulet)
HPRegen 0.29/turn               (no ring)
MPRegen 0.08/turn               (no ring)

@: healing quickly
A: alive, fangs 3, see invisible, vampiric 2
a: Exsanguinate


You were on level 4 of the Dungeon.
You visited 1 branch of the dungeon, and saw 4 of its levels.

You collected 42 gold pieces.

Inventory:

Hand Weapons
 a - a +0 flail (weapon)
Armour
 b - a +0 pair of boots (worn)
 c - a +0 buckler (worn)
 h - a +0 plate armour (worn)
Jewellery
 e - a +6 ring of strength
 f - a ring of willpower
Potions
 d - a potion of might
 g - a potion of heal wounds {unknown}


   Skills:
 + Level 3.2 Fighting
 + Level 2.1 Maces & Flails
 + Level 2.8 Armour
 + Level 0.3 Dodging
 + Level 2.8 Shields


You had 2 spell levels left.
You didn't know any spells.
Your spell library contained the following spells:

 Spells                   Type           Power      Damage    Failure   Level
 Shock                    Conj/Air       0%         1d3       100%        1
 Swiftness                Air            0%         N/A       100%        3
 Airstrike                Air            0%         N/A       100%        4


Dungeon Overview and Level Annotations

Branches:
Dungeon (4/15)
 Temple: D:4-7

Altars:
Cheibriados


Innate Abilities, Weirdness & Mutations

Your natural rate of healing is accelerated.
You have razor-sharp teeth.
You have supernaturally acute eyesight. (SInv)
You are afflicted with vampirism and can become a bat while bloodless.


Message History

You closely miss the orc.
The orc is severely wounded.
The orc hits you but does no damage.
You hit the orc but do no damage.
The orc is severely wounded.
The orc barely misses you.
You barely miss the orc. You bite the orc.
You kill the orc!
The gnoll hits you with a +0 flail. You block the gnoll's attack. x2
The gnoll hits you with a +0 flail.
You thump the gnoll!
The gnoll is almost dead.
You block the gnoll's attack. The gnoll hits you but does no damage.
You block the gnoll's attack.
You barely miss the gnoll. The gnoll barely misses you.
The gnoll hits you with a +0 flail! The gnoll hits you but does no damage.
You block the gnoll's attack. x2
The gnoll barely misses you. You block the gnoll's attack.
You block the gnoll's attack.
You hit the gnoll.
The gnoll is moderately wounded.
The gnoll hits you with a +0 flail! The gnoll hits you but does no damage.
The gnoll hits you but does no damage. The gnoll hits you but does no damage.
The gnoll hits you from afar with a +0 spear.
The gnoll hits you but does no damage.
There is a stone staircase leading up here.
Your plate armour prevents you from hitting the gnoll.
The gnoll is moderately wounded.
The gnoll hits you with a +0 whip.
* * * LOW HITPOINT WARNING * * *
You hit the gnoll. You bite the gnoll, but do no damage.
The gnoll is almost dead.
The gnoll completely misses you. The gnoll hits you but does no damage.
You barely miss the gnoll.
The gnoll is almost dead.
The gnoll hits you from afar with a +0 spear.
* * * LOW HITPOINT WARNING * * *
The gnoll hits you with a +0 flail.
You die...

...........# ##..
......#....###...
....####........
..#####......#
.....##.....##
.............# ##
..###...##...### #.#
#.. #....#....<##..#
...#####......gg@..#
#... #.....##g#g..#
...## ###..#######.#
...# #### ..# ..##
... ####


You could see 4 gnolls.

Vanquished Creatures
  An adder skeleton (D:4)
  A worm (D:2)
  An orc (D:4)
  2 ball pythons
  5 endoplasms
  2 giant cockroaches (D:1)
  6 hobgoblins
  2 quokkas (D:1)
  4 bats
  2 frilled lizards
  3 goblins
  5 kobolds
  6 rats
40 creatures vanquished.

Vanquished Creatures (others)
  2 plants (D:4)
2 creatures vanquished.

Grand Total: 42 creatures vanquished

Notes
Turn   | Place    | Note
-------+----------+-------------------------------------------
     0 | D:1      | LeonJames the Vampire Fighter began the quest for the Orb.
     0 | D:1      | Reached XP level 1. HP: 17/17 MP: 1/1
    95 | D:1      | Reached skill level 3 in Fighting
    95 | D:1      | Reached XP level 2. HP: 24/24 MP: 2/2
   316 | D:1      | Found a faded altar of an unknown god.
   536 | D:2      | Gained mutation: You are afflicted with vampirism and can
                  | become a bat while bloodless. [Vampire growth]
   536 | D:2      | Reached XP level 3. HP: 27/29 MP: 3/3
   716 | D:2      | Found a snail-covered altar of Cheibriados.
  1207 | D:4      | Slain by a gnoll

Illustrated notes

Levels and vault maps discovered:
D:1:      nicolae_arrival_memento_mori, layout_basic,
          ebering_ecumenical_altar_abandoned, minmay_tripent
D:2:      layout_basic, basic_altar
D:3:      layout_loops_ring, okawaru_metal_pillars_3,
          mainiacjoe_overflow_24_doors, lightli_temple_of_fire, hex_large,
          roderic_roman_lattice
D:4:      layout_cave_pools, nicolae_sif_muna_condensation,
          kiku_gazebo_pond_becter, hangedman_decor_slide_cut, kennysheep_boxes

Skill      XL: |  1  2  3 |
---------------+----------+-----
Fighting       | 3 |  3.2
Maces & Flails | 2 |  2.1
Armour         | |  2.8
Dodging        | |  0.3
Shields        | |  2.8

Action                   || total
-------------------------++-------
Melee: Flail             ||   111
       Bite              ||    10
Armor: Scale mail        ||    57
       Plate armour      ||    29
Dodge: Dodged            ||    40
Block: Buckler           ||    32

Table legend: (Time is in decaauts)
 A = Elapsed time spent in this place.
 B = Non-inter-level travel time spent in this place.
 C = Inter-level travel time spent in this place.
 D = Time resting spent in this place.
 E = Time spent auto-exploring this place.
 F = Levels seen in this place.
 G = Mean time per level.
                   A        B        C        D        E       F      G
               +--------+--------+--------+--------+--------+-----+--------+
         Total |   1243 |   1243 |      0 |      0 |      0 |   4 |  310.8 |
       Dungeon |   1243 |   1243 |      0 |      0 |      0 |   4 |  310.8 |
               +--------+--------+--------+--------+--------+-----+--------+

Top non-repeatable levels by time:
     D:2: 606 daAuts
     D:1: 513 daAuts
     D:4: 66 daAuts
     D:3: 56 daAuts
